 Dungeon Crawl Stone Soup version 0.28.0-62-gf88900778d (webtiles) character file.

Game seed: 684131282537153396

55134 jjjjhere the Grappler (level 14, -3/144 HPs)
             Began as a Troll Berserker on Apr 2, 2023.
             Was a High Priest of Trog.
             Splashed by a goliath frog's acid (7 damage)
             ... on level 6 of the Lair of Beasts.
             The game lasted 00:24:00 (14493 turns).

jjjjhere the Grappler (Troll Berserker)            Turns: 14493, Time: 00:24:00

Health: -3/144     AC: -6    Str: 37    XL:     14   Next: 37%
Magic:  13/13      EV: 20    Int:  3    God:    Trog [*****.]
Gold:   871        SH:  0    Dex:  9    Spells: 13/13 levels left

rFire   . . .      SeeInvis .     - Unarmed
rCold   . . .      Faith    .   (no shield)
rNeg    . . .      Spirit   .   R - +1 robe of Vines {NoPotionHeal Regen++++}
rPois   .          Reflect  .   Q - +1 hat
rElec   .          Harm     .   (no cloak)
rCorr   .          Rampage  .   (gloves unavailable)
Will    +++..                   (boots unavailable)
Stlth   +.........              m - amulet of regeneration
HPRegen 6.14/turn               f - +4 ring of evasion
MPRegen 0.13/turn               d - ring "Dousy" {EV+4 Str+5}

@: strong-willed, corroded, regenerating
A: large, unfitting armour, claws 3, regeneration 1, shaggy fur 1, tough skin 1
a: Renounce Religion, Berserk, Trog's Hand, Brothers in Arms


You were on level 6 of the Lair of Beasts.
You worshipped Trog.
Trog was extremely pleased with you.
You visited 2 branches of the dungeon, and saw 17 of its levels.
You also visited: Bailey.

You collected 1566 gold pieces.
You spent 695 gold pieces at shops.

Inventory:

Missiles
 s - 5 poisoned darts
 C - 3 curare-tipped darts
 K - 120 stones (quivered)
Armour
 x - the +0 robe of Vehumet's Wrath {+Inv rF+}
   (You found it on level 6 of the Dungeon)

   rF:        It protects you from fire.
   +Inv:      It lets you turn invisible.
 Q - a +1 hat (worn)
 R - the +1 robe of Vines (worn) {NoPotionHeal Regen++++}
   (You found it on level 5 of the Lair of Beasts)

   Its wearer cannot be healed by potions.
   Regen:     It increases your rate of health regeneration.
Jewellery
 d - the ring "Dousy" (right claw) {EV+4 Str+5}
   (You bought it in a shop on level 7 of the Dungeon)

   [ring of evasion]

   EV:        It affects your evasion (+4).
   Str:       It affects your strength (+5).
 f - a +4 ring of evasion (left claw)
 j - an amulet of faith
 m - an amulet of regeneration (around neck)
 u - a ring of protection from cold
 F - a ring of protection from cold
 I - a ring of see invisible
Wands
 a - a wand of flame (27)
 r - a wand of acid (1)
 L - a wand of charming (2)
 N - a wand of polymorph (4)
Scrolls
 k - 2 scrolls of summoning
 o - a scroll of noise {unknown}
 q - 9 scrolls of teleportation {unknown}
 t - a scroll of magic mapping {unknown}
 v - a scroll of holy word {unknown}
 w - a scroll of blinking
 y - a scroll of enchant armour {unknown}
 B - a scroll of fog
 E - a scroll of enchant weapon
 H - 2 scrolls of fear {unknown}
 J - a scroll of brand weapon
 M - 3 scrolls of vulnerability
 P - a scroll of amnesia {unknown}
Potions
 b - 4 potions of heal wounds
 c - 3 potions of resistance
 e - 2 potions of magic
 g - 4 potions of might
 h - 11 potions of curing
 i - 3 potions of haste
 l - 6 potions of mutation
 n - a potion of invisibility
 p - 2 potions of attraction
 z - a potion of ambrosia
 A - a potion of flight
 D - 2 potions of lignification
Miscellaneous
 G - a box of beasts (inert)
 O - a phial of floods (inert)


   Skills:
 + Level 10.8 Fighting
 - Level 6.0 Throwing
 + Level 9.9 Dodging
 - Level 14.0 Unarmed Combat
 + Level 8.9 Evocations


You had 13 spell levels left.
You didn't know any spells.
Your spell library was empty.

Dungeon Overview and Level Annotations

Branches:
Dungeon (11/15)            Temple (0/1) D:4            Lair (6/6) D:11
  Swamp (0/4) Lair:2       Spider (0/4) Lair:2        Slime (0/5) Lair:6
 Bailey (visited)
    Orc: D:9-12

Altars:
Cheibriados
Dithmenos
Elyvilon
Fedhas
Gozag
Kikubaaqudgha
Makhleb
Qazlal
Sif Muna
Wu Jian

Shops:
D:2 (   D:7 =   D:9 (

Annotations:
D:5 3 runed translucent doors, fleet's ghost, novice KoGl
D:9 3 runed translucent doors, RobertSmithOfTheCure's ghost, novice MiFi
D:10 2 transporters, XVortexX's ghost, novice DsFi
Lair:2 1 runed translucent door, Pamiuf's ghost, journeyman KoSu
Lair:4 exclusion: oklob plant


Innate Abilities, Weirdness & Mutations

You are too large for most types of armour.
You have claws for hands.
Your natural rate of healing is unusually fast.
You are covered in fur. (AC +1)
You have tough skin. (AC +1)


Message History

You mangle the death yak!!
The death yak is severely wounded.
The blink frog misses you. The death yak gores you!!
You scratch the death yak but do no damage.
The death yak is severely wounded.
The blink frog hits you! The death yak misses you.
You scratch the death yak. You claw the death yak!
The death yak is almost dead.
The blink frog misses you.
You scratch the death yak but do no damage.
You claw the death yak, but do no damage.
The death yak is almost dead.
The blink frog completely misses you. The death yak gores you!
You scratch the death yak. You claw the death yak!
The death yak is almost dead.
The blink frog hits you!
* * * LOW HITPOINT WARNING * * *
The blink frog blinks!
The death yak gores you!!
* * * LOW HITPOINT WARNING * * *
The goliath frog hits you from afar!
* * * LOW HITPOINT WARNING * * *
The acid corrodes you!
You are splashed with acid.
* * * LOW HITPOINT WARNING * * *
The blink frog hits you.
* * * LOW HITPOINT WARNING * * *
Your skin crawls.
You feel strong-willed. The goliath frog hits you from afar.
You are splashed with acid!
* * * LOW HITPOINT WARNING * * *
The blink frog closely misses you. The death yak gores you.
* * * LOW HITPOINT WARNING * * *
The goliath frog hits you from afar!
* * * LOW HITPOINT WARNING * * *
The acid corrodes you!
You are splashed with acid!
* * * LOW HITPOINT WARNING * * *
The goliath frog barely misses you. The goliath frog hits you from afar!!
* * * LOW HITPOINT WARNING * * *
The acid corrodes you!
You are splashed with acid!
You die...

###..........###≈
#...........≈≈#.≈
##.......≈≈.≈≈≈#
#P..........≈≈≈#
#.......#...P≈≈P
##.........≈≈≈≈.#
#P.....≈≈≈.≈≈≈≈
#.......[..≈≈≈≈
#@.....≈..≈≈≈≈
#......≈.≈≈≈≈
#YFF......≈≈≈
##.......≈≈≈≈#
#.........≈≈≈#
#........P≈≈##
##P.......≈≈≈≈
#........≈≈≈≈
##......#≈≈≈P≈


You could see a death yak, a goliath frog and a blink frog.

Vanquished Creatures
  2 vault guards (Bailey)
  6 hydras
  A boulder beetle (D:11)
  A two-headed ogre (D:11)
  6 death yaks
  A goliath frog (Lair:6)
  2 bog bodies (Lair:2)
  An oklob plant (Lair:5)
  2 black mambas
  12 elephants
  Joseph (D:7)
  15 cane toads
  Maggie (D:6)
  3 rime drakes
  An unseen horror (D:11)
  10 komodo dragons
  2 trolls
  A polar bear (Lair:4)
  Grinder (D:6)
  Prince Ribbit (Bailey)
  23 blink frogs
  2 hornets
  A culicivora (Lair:2)
  A shadow (D:10)
  6 wyverns
  4 humans (Bailey)
  19 yaks
  Eustachio (D:6)
  5 basilisks
  A steam dragon (Lair:5)
  3 redbacks (Lair:2)
  2 vampire mosquitoes
  A swamp worm (Lair:2)
  12 water moccasins
  Duvessa (D:6)
  A floating eye (Lair:6)
  2 orc warriors
  2 ogres
  2 sky beasts
  A black bear (D:8)
  2 ice beasts (D:8)
  2 necrophages
  3 wolves (Lair:2)
  6 centaurs
  2 kobold brigands (D:8)
  A phantom (D:5)
  20 bullfrogs
  2 scorpions
  A water moccasin skeleton (D:4)
  Dowan (D:6)
  4 killer bees (D:7)
  13 wights
  2 electric eels
  5 howler monkeys
  A jelly (D:6)
  3 orc priests
  A centaur skeleton (D:6)
  2 centaur zombies
  A hound (D:6)
  Jessica (D:2)
  Terence (D:2)
  5 iguanas
  3 orc wizards
  A scorpion zombie (D:5)
  A hell rat (D:11)
  2 gnolls (Bailey)
  A howler monkey skeleton (D:4)
  8 adders
  2 river rats (D:11)
  2 shadow imps
  2 white imps
  3 ufetubi
  2 worms
  2 dart slugs
  19 orcs
  8 ball pythons
  7 bats
  5 endoplasms
  6 giant cockroaches
  6 goblins
  12 hobgoblins
  4 jackals (D:3)
  4 quokkas
  4 frilled lizards
  18 kobolds
  4 rats
365 creatures vanquished.

Vanquished Creatures (collateral kills)
  2 hydras
2 creatures vanquished.

Vanquished Creatures (others)
  37 fungi
  162 plants
199 creatures vanquished.

Grand Total: 566 creatures vanquished

Notes
Turn   | Place    | Note
-------+----------+-------------------------------------------
     0 | D:1      | jjjjhere the Troll Berserker began the quest for the Orb.
     0 | D:1      | Reached XP level 1. HP: 22/22 MP: 0/0
   114 | D:1      | Reached XP level 2. HP: 29/29 MP: 1/1
   457 | D:1      | Reached ** piety under Trog
   821 | D:2      | Found a faded altar of an unknown god.
   827 | D:2      | Reached XP level 3. HP: 34/36 MP: 2/2
   831 | D:2      | Noticed Jessica
   838 | D:2      | Killed Jessica
   839 | D:2      | Reached skill level 4 in Unarmed Combat
   901 | D:2      | Reached XP level 4. HP: 25/45 MP: 3/3
  1007 | D:2      | Found Zolai's Antique Weapon Shop.
  1206 | D:2      | Noticed Terence
  1214 | D:2      | Killed Terence
  1453 | D:3      | Noticed a centaur
  1458 | D:3      | Reached skill level 5 in Unarmed Combat
  1462 | D:3      | Killed a centaur
  1463 | D:3      | Reached XP level 5. HP: 37/53 MP: 4/4
  1770 | D:4      | Found a staircase to the Ecumenical Temple.
  1786 | D:4      | Reached XP level 6. HP: 62/62 MP: 5/5
  1992 | D:4      | Reached *** piety under Trog
  2089 | D:4      | Reached skill level 6 in Unarmed Combat
  2638 | D:5      | Entered Level 5 of the Dungeon
  2680 | D:5      | Found a runed translucent gate.
  2680 | D:5      | Found a runed translucent gate.
  2681 | D:5      | Found a runed translucent gate.
  2698 | D:5      | Noticed fleet's ghost (novice KoGl)
  2828 | D:5      | Reached XP level 7. HP: 71/71 MP: 6/6
  2830 | D:5      | Reached skill level 7 in Unarmed Combat
  3223 | D:6      | Found a burning altar of Makhleb.
  3259 | D:6      | Reached skill level 8 in Unarmed Combat
  3261 | D:6      | Reached skill level 5 in Fighting
  3264 | D:6      | Reached XP level 8. HP: 75/80 MP: 7/7
  3333 | D:6      | Noticed Eustachio
  3341 | D:6      | Found a shadowy altar of Dithmenos.
  3353 | D:6      | Killed Eustachio
  3499 | D:6      | Noticed Duvessa
  3499 | D:6      | Noticed Dowan
  3513 | D:6      | Killed Duvessa
  3514 | D:6      | Reached skill level 9 in Unarmed Combat
  3522 | D:6      | Killed Dowan
  3570 | D:6      | Identified the +0 robe of Vehumet's Wrath {+Inv rF+}
  3617 | D:6      | Noticed Grinder
  3634 | D:6      | Killed Grinder
  3658 | D:6      | Noticed Maggie
  3667 | D:6      | Killed Maggie
  3668 | D:6      | Reached skill level 10 in Unarmed Combat
  3735 | D:6      | Reached XP level 9. HP: 63/89 MP: 8/8
  4017 | D:7      | Reached skill level 1 in Evocations
  4025 | D:7      | Reached **** piety under Trog
  4247 | D:7      | Found Zyugiz's Jewellery Boutique.
  4339 | D:6      | Identified a scroll of acquirement
  4339 | D:6      | Acquired 453 gold pieces
  4377 | D:7      | Bought the ring "Dousy" {EV+4 Str+5} for 695 gold pieces
  4410 | D:7      | Noticed Joseph
  4415 | D:7      | Killed Joseph
  4416 | D:7      | Reached skill level 11 in Unarmed Combat
  5119 | D:8      | Reached skill level 12 in Unarmed Combat
  5164 | D:8      | Reached XP level 10. HP: 78/98 MP: 9/9
  5280 | D:8      | Reached ***** piety under Trog
  5880 | D:9      | Found a snail-covered altar of Cheibriados.
  5895 | D:9      | Found a white marble altar of Elyvilon.
  5897 | D:9      | Found a shimmering blue altar of Sif Muna.
  5897 | D:9      | Found an opulent altar of Gozag.
  5898 | D:9      | Found an ornate altar of the Wu Jian Council.
  5901 | D:9      | Found a stormy altar of Qazlal.
  5902 | D:9      | Found an ancient bone altar of Kikubaaqudgha.
  5968 | D:9      | Found a runed translucent gate.
  5968 | D:9      | Found a runed translucent gate.
  5969 | D:9      | Found a runed translucent gate.
  5971 | D:9      | Noticed RobertSmithOfTheCure's ghost (novice MiFi)
  5991 | D:9      | Found a flagged portal.
  6025 | Bailey   | Entered a bailey
  6081 | Bailey   | Reached skill level 13 in Unarmed Combat
  6288 | Bailey   | Noticed Prince Ribbit
  6288 | Bailey   | Noticed a vault guard
  6311 | Bailey   | HP: 25/80 [vault guard/+0 broad axe (11)]
  6312 | Bailey   | Killed a vault guard
  6312 | Bailey   | HP: 9/80 [Prince Ribbit (18)]
  6313 | Bailey   | Killed Prince Ribbit
  6314 | Bailey   | Reached skill level 5 in Evocations
  6491 | Bailey   | Noticed a vault guard
  6507 | Bailey   | Killed a vault guard
  6617 | D:9      | Reached skill level 14 in Unarmed Combat
  6668 | D:9      | Reached XP level 11. HP: 105/105 MP: 10/10
  6762 | D:9      | Found Jec Luy's Antique Weapon Emporium.
  6892 | D:10     | Entered Level 10 of the Dungeon
  6913 | D:10     | Found a transporter.
  7084 | D:10     | Noticed XVortexX's ghost (novice DsFi)
  7091 | D:10     | Found the amulet of the Four Winds {rN+ Will+++ Clar}
  7100 | D:10     | Found a transporter.
  7766 | D:11     | Noticed a boulder beetle
  7780 | D:11     | Killed a boulder beetle
  7826 | D:11     | Noticed a death yak
  7827 | D:11     | Found a staircase to the Lair.
  7839 | D:11     | Noticed a death yak
  7839 | D:11     | Noticed a two-headed ogre
  7840 | D:11     | Noticed a death yak
  7847 | D:10     | Killed a death yak
  7911 | D:10     | Killed a death yak
  7953 | D:11     | Killed a death yak
  7984 | D:11     | Noticed a four-headed hydra
  7995 | D:11     | Killed a four-headed hydra
  8088 | D:11     | Killed a two-headed ogre
  8347 | D:11     | Reached skill level 5 in Dodging
  8360 | Lair:1   | Entered Level 1 of the Lair of Beasts
  8376 | Lair:1   | Reached skill level 1 in Throwing
  8403 | Lair:1   | Reached XP level 12. HP: 119/119 MP: 11/11
  8618 | Lair:1   | Received a gift from Trog
  9336 | Lair:2   | Reached skill level 5 in Throwing
  9341 | Lair:2   | Noticed a five-headed hydra
  9438 | Lair:2   | Killed a five-headed hydra
  9439 | Lair:2   | Reached XP level 13. HP: 127/127 MP: 12/12
  9552 | Lair:2   | Found a hole to the Spider Nest.
  9625 | Lair:2   | Found a staircase to the Swamp.
  9694 | Lair:2   | Found a runed translucent door.
  9877 | Lair:2   | Noticed Pamiuf's ghost (journeyman KoSu)
  9878 | Lair:2   | Identified the +7 spear "Xigiutus" {freeze, rF+ Int+4}
 11755 | Lair:4   | Received a gift from Trog
 12244 | Lair:4   | Found a blossoming altar of Fedhas.
 12688 | Lair:5   | Reached skill level 10 in Fighting
 12828 | Lair:5   | Reached XP level 14. HP: 109/143 MP: 13/13
 12881 | Lair:5   | HP: 47/143 [six-headed hydra (8)]
 13705 | Lair:5   | Found the +1 robe of Vines {NoPotionHeal Regen++++}
 13879 | Lair:6   | Entered Level 6 of the Lair of Beasts
 13886 | Lair:6   | Paralysed by a floating eye for 2 turns
 13900 | Lair:6   | Found a staircase to the Slime Pits.
 14479 | Lair:6   | HP: 38/144 [blink frog (15)]
 14479 | Lair:6   | HP: 17/144 [death yak (21)]
 14486 | Lair:6   | HP: 36/144 [goliath frog (17)]
 14491 | Lair:6   | HP: 43/144 [acid (7)]
 14491 | Lair:6   | HP: 19/144 [acid (9)]
 14493 | Lair:6   | HP: 4/144 [goliath frog (27)]
 14493 | Lair:6   | Splashed by a goliath frog's acid

Illustrated notes

Levels and vault maps discovered:
D:1:      evilmike_arrival_rings, layout_loops_cross, minmay_door_square,
          minmay_misc_feat_square
D:2:      layout_rooms, nicolae_ecumenical_oubliette, serial_shops,
          nicolae_shop_stone, uniq_jessica, uniq_terence
D:3:      layout_rooms
D:4:      layout_loops_corners, minmay_temple_entry_large_hall,
          minmay_tree_intersection, hangedman_glass_teeth
D:5:      layout_cave_pools, gammafunk_ghost_nasty_kobolds,
          minmay_misc_feat_chi, minmay_starry_boxes
D:6:      layout_basic, nicolae_dithmenos_the_darkroom,
          makhleb_heckhound_becter, serial_bayou_crossing, uniq_eustachio,
          uniq_grinder, uniq_duvessa, uniq_maggie
D:7:      layout_loops_corners, serial_shops, shop, uniq_joseph
D:8:      layout_rooms, serial_co_window_serial, co_window_corner_a,
          co_window_corner_a, co_window_paths_a, co_window_corner_a,
          co_window_paths_a, co_window_of_opportunity_b, co_window_broadway_b,
          co_window_unsneaky_path_a, co_window_broadway_b, co_window_2corner,
          co_window_broadway_b, glass_columns_a, glass_columns_a,
          glass_columns_c, glass_columns_a, glass_columns_a
D:9:      layout_cave_pools, minitemple, serial_shops,
          nicolae_shop_hallway_plus, enter_bailey_2, ebering_ghost_rock_garden
D:10:     layout_irregular_city, gammafunk_ghost_berserking_beasts,
          grunt_ministairs_3, chequers_serial_rivers_micro_b,
          hangedman_decor_points
D:11:     layout_long_grid, dpeg_lair_monsters
Lair:1:   layout_cellular_growth, lemuel_fruit_tree
Lair:2:   layout_loops_ring, nicolae_swamp_entry_splash_gauntlet,
          spider_nest_entry_funnel_web, ebering_ghost_funeral_grove,
          minmay_holes, grunt_megastairs_4
Lair:3:   layout_regular_city, infiniplex_staircase_pool
Lair:4:   layout_layer_cave, tgw_fedhas
Lair:5:   layout_layer_cave, hellmonk_guarded_unrand_vines, grunt_megastairs_5
Lair:6:   minmay_lair_end_frog_pond, layout_cellular_growth,
          minmay_slime_entry_eyes, patterned_corridor, serial_bayou_shore_a

Skill      XL: |  1  2  3  4  5  6  7  8  9 10 11 12 13 |
---------------+----------------------------------------+-----
Fighting       | 3 4 5 6 7 8 10 | 10.8
Unarmed Combat | 4 5 6 8 10 12 14 | 14.0
Evocations     | 3 5 7 8 |  8.9
Dodging        | 6 7 9 |  9.9
Throwing       | 4 5 6 |  6.0

Action                   |  1- 3 |  4- 6 |  7- 9 | 10-12 | 13-15 || total
-------------------------+-------+-------+-------+-------+-------++-------
Melee: Unarmed           |    72 |   127 |   217 |   240 |   416 ||  1072
       Punch             |     3 |     1 |     9 |    14 |    29 ||    56
Throw: Dart              |       |       |       |     4 |       ||     4
       Stone             |       |       |       |       |    31 ||    31
Invok: Berserk           |       |     1 |       |     1 |       ||     2
       Trog's Hand       |       |       |     2 |     2 |     2 ||     6
       Brothers in Arms  |       |       |       |     1 |     1 ||     2
 Abil: Evoke Invisibilit |       |       |       |     2 |       ||     2
Evoke: Wand              |       |       |       |     3 |    30 ||    33
       Box of beasts     |       |       |       |     1 |     2 ||     3
       Phial of floods   |       |       |       |       |     2 ||     2
  Use: Scroll            |       |       |     8 |     4 |     6 ||    18
       Potion            |       |       |       |     1 |       ||     1
 Stab: Invisible         |       |       |       |     5 |       ||     5
Armor: Animal skin       |    30 |    13 |    12 |       |       ||    55
       Robe              |       |       |    12 |    18 |    42 ||    72
Dodge: Dodged            |    45 |    94 |   153 |   153 |   377 ||   822
